 Dungeon Crawl Stone Soup version 0.31-a0-152-g6aa68a64a1 (webtiles) character file.

Game seed: 14774554735528537035

466 qw the Shooter (level 6, 0/55 HPs)
             Began as a Minotaur Hunter on June 9, 2023.
             Slain by an ice beast (2 damage)
             ... on level 5 of the Dungeon.
             The game lasted 00:01:14 (3162 turns).

qw the Shooter (Minotaur Hunter)                    Turns: 3162, Time: 00:01:15

Health: 0/55       AC:  8    Str: 16    XL:     6   Next: 81%
Magic:  5/5        EV: 11    Int:  6    God:
Gold:   159        SH:  0    Dex: 15    Spells: 5/5 levels left

rFire   . . .        Y - +1 shortbow
rCold   . . .        (shield currently unavailable)
rNeg    . . .        f - +0 ring mail
rPois   .            (helmet restricted)
rElec   .            i - +0 cloak
rCorr   .            (no gloves)
SInv    +            g - +0 pair of boots
Will    .....        (no amulet)
Stlth   +            h - ring of see invisible
HPRegen 0.29/turn    (no ring)
MPRegen 0.09/turn

%: no passive effects
@: no status effects
A: horns 2, retaliatory headbutt
a: no special abilities


You were on level 5 of the Dungeon.
You visited 1 branch of the dungeon, and saw 5 of its levels.

You collected 267 gold pieces.
You spent 108 gold pieces at shops.


Innate Abilities, Weirdness & Mutations

You have a pair of horns on your head.
You reflexively headbutt those who attack you in melee.


   Skills:
 - Level 4.8 Fighting
 + Level 7.4 Ranged Weapons
 - Level 3.2 Armour
 - Level 2.1 Dodging
 - Level 0.7 Stealth


You had 5 spell levels left.
You didn't know any spells.
Your spell library was empty.

Inventory:

Hand Weapons
 Y - a +1 shortbow (weapon)
Armour
 f - a +0 ring mail (worn)
 g - a +0 pair of boots (worn)
 i - a +0 cloak (worn)
Jewellery
 h - a ring of see invisible (left hand)
Scrolls
 c - a scroll of identify
Potions
 a - a potion of might
 b - 2 potions of curing
 e - a potion of enlightenment {unknown}
 j - a potion of degeneration {unknown}

Dungeon Overview and Level Annotations

Branches:
Dungeon (5/15)
 Temple: D:4-7

Altars:
Gozag
Trog

Shops:
D:2 [(   D:4 *


Message History

You kill the scorpion!
You shoot an arrow.
The arrow hits the ice beast but does no damage.
The ice beast is lightly wounded.
You feel sick.
The ice beast hits you but does no damage.
You shoot an arrow. The arrow hits the ice beast.
The ice beast is moderately wounded.
You feel sick.
The ice beast hits you but does no damage.
You shoot an arrow. The arrow hits the ice beast.
The ice beast is moderately wounded.
You feel sick.
The ice beast hits you but does no damage.
You shoot an arrow. The arrow hits the ice beast.
The ice beast is heavily wounded.
You feel sick. The ice beast barely misses you.
You shoot an arrow. The arrow hits the ice beast.
The ice beast is severely wounded.
You feel sick.
You are no longer poisoned.
The ice beast closely misses you. You furiously retaliate!
You headbutt the ice beast. You shoot an arrow. The arrow hits the ice beast.
The ice beast is severely wounded.
The ice beast hits you. The ice beast freezes you!
You shoot an arrow. The arrow closely misses the ice beast.
The ice beast hits you. The ice beast freezes you.
You shoot an arrow.
The arrow hits the ice beast but does no damage.
The ice beast is severely wounded.
The ice beast completely misses you.
The ice beast hits you but does no damage.
You shoot an arrow. The arrow hits the ice beast.
The ice beast is almost dead.
The ice beast barely misses you.
You shoot an arrow. The arrow hits the ice beast.
The ice beast is almost dead.
The ice beast hits you.
You die...

........... .........
......#
.......##......# ..
......#.!..../# #.##
#......##.....##.....
##.).##.#..#.... .....
#....#........# ......
###.........).##......
#.........Y@........
##...........###...
##<.........#
#....##........
#..####.##.#.##
#...##..###....
##..###.. #.... ####
##. .##.. ## # ##


You could see an ice beast.

Vanquished Creatures
  An ogre (D:5)
  A phantom (D:4)
  2 scorpions
  A hound (D:4)
  Robin (D:3)
  4 gnolls (D:3)
  An adder (D:4)
  An ufetubus (D:5)
  A worm (D:2)
  3 dart slugs
  2 orcs (D:4)
  5 ball pythons
  8 endoplasms
  A giant cockroach (D:4)
  24 goblins
  7 hobgoblins
  2 quokkas
  7 bats
  6 frilled lizards
  5 kobolds
  5 rats
88 creatures vanquished.

Notes
Turn   | Place    | Note
-------+----------+-------------------------------------------
     0 | D:1      | qw the Minotaur Hunter began the quest for the Orb.
     0 | D:1      | Reached XP level 1. HP: 18/18 MP: 0/0
     0 | D:1      | 0 ||| qw: Version: 0.2-a-122-gbc61b45
     0 | D:1      | 0 ||| qw: Game counter: 3461
     0 | D:1      | 0 ||| qw: Always use a shield: true
     0 | D:1      | 0 ||| qw: God list: Okawaru
     0 | D:1      | 0 ||| qw: Allow faded altars: false
     0 | D:1      | 0 ||| qw: Do Orc after D:15 true
     0 | D:1      | 0 ||| qw: Do second Lair branch before Depths: true
     0 | D:1      | 0 ||| qw: Lair rune preference: random
     0 | D:1      | 0 ||| qw: Plans: Normal
     0 | D:1      | 0 ||| PLANNING D:1-11
   195 | D:1      | Reached XP level 2. HP: 25/25 MP: 1/1
   197 | D:1      | Found a faded altar of an unknown god.
   221 | D:1      | Reached skill level 5 in Ranged Weapons
   525 | D:1      | Reached skill level 3 in Fighting
   756 | D:1      | 756 ||| UPGRADING to +0 ring mail.
   766 | D:1      | 766 ||| DROPPING +0 leather armour.
   767 | D:1      | 767 ||| UPGRADING to +0 pair of boots.
   772 | D:1      | 772 ||| READING scroll labelled WAM ETZOMOURHIUR.
   773 | D:1      | 773 ||| READING scroll labelled YHIAPR PIYKK.
   777 | D:1      | 777 ||| DROPPING scroll of butterflies.
   868 | D:2      | Reached skill level 1 in Armour
   870 | D:2      | Reached XP level 3. HP: 31/31 MP: 2/2
   895 | D:2      | Found Fesiampice's Antique Weapon Shoppe.
  1050 | D:2      | Found Luecwiq's Antique Armour Boutique.
  1064 | D:2      | 1064 ||| BUYING cloak (108 gold).
  1064 | D:2      | Bought a cloak for 108 gold pieces
  1064 | D:2      | 1064 ||| SHOPLISTING runed robe (88 gold, have 50).
  1445 | D:2      | 1445 ||| UPGRADING to +0 cloak.
  1450 | D:2      | 1450 ||| DROPPING +6 ring of intelligence.
  1451 | D:2      | 1451 ||| UPGRADING to ring of see invisible.
  1452 | D:2      | 1452 ||| READING scroll labelled NYWORI YSEMN.
  1453 | D:2      | 1453 ||| READING 2 scrolls labelled REOCANWIMI.
  1454 | D:2      | 1454 ||| DROPPING scroll of blinking.
  1562 | D:3      | 1562 ||| Stepping ~*~*~tactically~*~*~ (outnumbered).
  1571 | D:3      | Reached XP level 4. HP: 33/38 MP: 3/3
  1593 | D:3      | Found a bloodstained altar of Trog.
  1614 | D:3      | Reached skill level 6 in Ranged Weapons
  1890 | D:3      | Noticed Robin
  1902 | D:3      | Killed Robin
  2326 | D:3      | 2326 ||| READING scroll labelled DUSEHI BAGIASOI.
  2327 | D:3      | 2327 ||| READING 2 scrolls labelled ONATWOF JONOG.
  2328 | D:3      | 2328 ||| DRINKING 2 yellow potions.
  2329 | D:3      | 2329 ||| DRINKING 2 dark potions.
  2330 | D:3      | 2330 ||| DROPPING scroll of magic mapping.
  2345 | D:4      | Found Osep's Elemental Accessories.
  2355 | D:4      | Noticed a scorpion
  2365 | D:4      | Killed a scorpion
  2366 | D:4      | Reached XP level 5. HP: 33/47 MP: 4/4
  2438 | D:4      | Found an opulent altar of Gozag.
  2444 | D:4      | Noticed a phantom
  2470 | D:4      | HP: 7/47 [phantom (6)]
  2471 | D:4      | 2471 ||| READING scroll of teleportation.
  2472 | D:4      | 2472 ||| DRINKING potion of heal wounds.
  2474 | D:4      | Killed a phantom
  2539 | D:4      | Reached XP level 6. HP: 55/55 MP: 5/5
  2700 | D:4      | Reached skill level 7 in Ranged Weapons
  3053 | D:4      | 3053 ||| READING 2 scrolls of identify.
  3053 | D:4      | 3053 ||| IDENTIFYING fuming clear potion
  3065 | D:5      | Entered Level 5 of the Dungeon
  3085 | D:5      | Reached skill level 3 in Armour
  3098 | D:5      | 3098 ||| FLEEEEING.
  3099 | D:5      | 3099 ||| FLEEEEING.
  3101 | D:5      | 3101 ||| FLEEEEING.
  3102 | D:5      | 3102 ||| STAIRDANCE
  3142 | D:5      | Noticed an ice beast
  3158 | D:5      | HP: 7/55 [ice beast (9)]
  3159 | D:5      | HP: 1/55 [ice beast (5)]
  3162 | D:5      | Slain by an ice beast

Levels and vault maps discovered:
D:1:      minmay_arrival_checkered_box, layout_basic,
          shapermc_ecumenical_altar_mp_urbaneastern, serial_forest,
          infiniplex_forest_clump_small, infiniplex_forest_clump_curved,
          infiniplex_forest_straight_3, infiniplex_forest_end_3,
          infiniplex_forest_clump_cross, infiniplex_forest_clump_medium,
          infiniplex_forest_lined_ring, kennysheep_doodads
D:2:      kennysheep_the_goblin_king, layout_loops_ring, serial_shops, shop,
          shop
D:3:      layout_basic, trog_three_pillars_becter, solitary_fountain, uniq_robin
D:4:      layout_basic, old_standard_altar, st_stairs_3, grunt_decor_junction,
          nicolae_elemental_shop, minmay_door_square
D:5:      layout_cave_pools, grunt_qazlal_clouds, mainiacjoe_overflow_alcove_1

Skill      XL: |  1  2  3  4  5  6 |
---------------+-------------------+-----
Ranged Weapons | 5 6 7 |  7.4
Fighting       | 3 4 |  4.8
Armour         | 1 3 |  3.2
Dodging        | |  2.1
Stealth        | |  0.7

Action                     |  1- 3 |  4- 6 || total
---------------------------+-------+-------++-------
   Fire: Shortbow          |   108 |   173 ||   281
    Use: Scroll            |     4 |     4 ||     8
         Potion            |       |     3 ||     3
 Armour: Leather armour    |     2 |       ||     2
         Ring mail         |     2 |    48 ||    50
  Dodge: Dodged            |    27 |    65 ||    92

Table legend:
 A = Non-vault XP
 B = Vault XP
 C = Vault XP percentage of total XP
 D = Non-vault monster count
 E = Vault monster count
 F = Vault count percentage of total count
                 A         B        C        D         E       F
            +---------+---------+-------+---------+---------+-------
      Total |     615 |      52 |   7.8 |      68 |      20 |  22.7
            +---------+---------+-------+---------+---------+-------
        D:1 |      32 |       0 |   0.0 |      22 |       0 |   0.0
        D:2 |      29 |      12 |  29.3 |      15 |       7 |  31.8
        D:3 |      77 |      35 |  31.2 |      15 |      11 |  42.3
        D:4 |     261 |       5 |   1.9 |      13 |       2 |  13.3
        D:5 |     216 |       0 |   0.0 |       3 |       0 |   0.0
            +---------+---------+-------+---------+---------+-------
